Map: [ESL] Alcyone

Players

Future - Winner!

  • Race: Terran Terran
  • Spawn Location: 7:00

Scarlett

  • Race: Zerg Zerg
  • Spawn Location: 1:00

Event: ESL SC2 Masters 2023 Winter (Finals)

VOD

Have the link to the VOD?

Description

Time

  • Played on: Dec. 15, 2023, 4:34 p.m.
  • Length: 29:05

All games in this series

Show
View Real Time Build Order
Export as new Build Order

Future Terran - Winner!

Build Orders: Hellion Opening 

Get SALT Encoding   

  12  0:00  SCV  
  13  0:12  SCV  
  14  0:17  Supply Depot  
  14  0:24  SCV  
  15  0:38  SCV  
  15  0:39  Barracks  
  16  0:50  SCV  
  16  0:52  Refinery  
  17  1:03  SCV  
  18  1:15  SCV  
  19  1:26  Marine  
  19  1:27  Orbital Command  
  20  1:38  Command Center  
  20  1:44  Marine  
  21  1:53  SCV  
  22  1:57  Factory  
  22  2:03  Supply Depot  
  22  2:06  SCV  
  23  2:14  Barracks Reactor  
  23  2:19  Refinery  
  23  2:25  SCV  
  24  2:37  SCV  
  24  2:41  Hellion  
  27  2:48  Starport  
  27  2:49  SCV  
  27  2:50  Orbital Command  
  29  3:01  SCV  
  29  3:06  Barracks Tech Lab  
  29  3:08  Hellion  
  29  3:09  Hellion  
  33  3:13  SCV  
  33  3:16  SCV  
  33  3:18  Supply Depot  
  35  3:25  Viking, SCV  
  38  3:28  SCV  
  38  3:31  Hellion  
  38  3:33  Hellion  
  43  3:36  Marauder  
  43  3:39  Supply Depot  
  45  3:43  SCV  
  45  3:46  SCV  
  47  3:58  Hellion x2  
  47  3:59  Medivac  
  47  4:01  Marauder  
  55  4:04  Armory  
  55  4:06  Concussive Shells  
  55  4:12  Supply Depot  
  55  4:20  SCV x2  
  55  4:23  Hellion  
  55  4:24  Hellion  
  61  4:27  Supply Depot  
  61  4:35  Marine, SCV x2  
  64  4:45  Starport Tech Lab, Hellion x2  
  68  4:47  SCV x2  
  68  4:50  Supply Depot  
  70  4:59  SCV x2  
  70  5:08  Marine  
  70  5:09  Command Center  
  70  5:11  SCV  
  70  5:12  Stimpack  
  66  5:17  SCV  
  65  5:22  Barracks  
  65  5:23  SCV  
  65  5:26  Barracks, Marine  
  67  5:31  SCV  
  67  5:32  Engineering Bay  
  67  5:33  Engineering Bay  
  67  5:35  SCV  
  67  5:37  Factory Reactor  
  67  5:39  Refinery  
  67  5:40  Refinery  
  63  5:43  SCV  
  63  5:46  Marine  
  63  5:47  SCV  
  64  5:55  SCV  
  65  6:00  SCV  
  65  6:03  Starport Reactor  
  66  6:04  Marine  
  66  6:08  Terran Infantry Weapons Level 1, Terran Infantry Armor Level 1  
  66  6:10  Marine x2  
  69  6:13  SCV x2  
  71  6:22  Marine  
  71  6:25  Marine, SCV x2  
  74  6:26  Marine  
  74  6:29  Marine x2  
  74  6:31  Siege Tank  
  81  6:35  Supply Depot  
  81  6:36  Supply Depot  
  81  6:37  SCV x2  
  81  6:38  Barracks  
  81  6:39  Terran Vehicle Weapons Level 1  
  83  6:40  Barracks, Marine  
  83  6:43  Marine x2  
  83  6:45  Orbital Command  
  86  6:47  Marine x2  
  86  6:49  Supply Depot, SCV x2  
  90  6:58  Medivac, Marine  
  93  7:01  SCV x2, Marine  
  93  7:02  Marine  
  93  7:03  Siege Tank  
  93  7:05  Marine  
  93  7:06  Marine  
  102  7:08  Combat Shield  
  102  7:12  Supply Depot, SCV  
  102  7:13  SCV x2  
  105  7:15  Marine  
  105  7:18  Medivac  
  105  7:19  Marine  
  105  7:20  Marine  
  110  7:23  Marine  
  110  7:24  SCV  
  110  7:25  SCV x2, Supply Depot  
  110  7:26  Marine  
  113  7:30  Barracks Reactor x2  
  113  7:33  Medivac  
  113  7:35  Siege Tank  
  113  7:36  SCV  
  119  7:41  Refinery  
  119  7:42  Refinery  
  119  7:43  Supply Depot  
  119  7:46  Marine  
  119  7:47  Marine  
  119  7:48  Medivac  
  123  7:51  Marine  
  123  7:52  Marine  
  123  7:54  Marine  
  126  8:04  Marine x2  
  128  8:05  Command Center  
  128  8:07  SCV x2  
  128  8:09  Marine  
  131  8:14  Marine  
  131  8:16  Siege Tank, Marine  
  136  8:20  Marine  
  136  8:23  Terran Infantry Weapons Level 2  
  136  8:24  Terran Infantry Armor Level 2  
  133  8:27  Marine  
  133  8:28  Marine x5  
  133  8:32  Marine  
  140  8:34  Marine  
  140  8:38  Marine  
  141  8:44  Factory, Supply Depot x2  
  141  8:48  Siege Tank  
  112  8:56  Marine x2  
  112  8:57  Marine x7  
  117  9:08  SCV x3  
  119  9:14  Marine x8  
  119  9:16  Marine  
  131  9:24  Siege Tank  
  131  9:27  SCV x2  
  133  9:31  Factory Tech Lab, Marine  
  133  9:32  SCV, Marine x4  
  133  9:35  Marine  
  133  9:37  Sensor Tower  
  140  9:39  SCV  
  140  9:41  Sensor Tower  
  140  9:44  Marine  
  140  9:46  SCV  
  140  9:50  Barracks  
  140  9:51  Barracks  
  141  9:52  Ghost Academy  
  141  9:53  Barracks  
  141  9:56  Siege Tank  
  144  10:00  Siege Tank  
  144  10:03  Planetary Fortress, SCV  
  144  10:04  SCV x2  
  144  10:05  Missile Turret  
  150  10:11  Refinery x2  
  150  10:14  Supply Depot  
  150  10:15  Supply Depot  
  150  10:21  SCV  
  150  10:22  SCV  
  150  10:31  Siege Tank  
  150  10:34  Siege Tank  
  154  10:38  Barracks Tech Lab  
  154  10:39  Barracks Tech Lab  
  154  10:42  Viking x2  
  158  10:48  Ghost  
  158  10:49  Barracks Tech Lab  
  160  10:50  Personal Cloaking  
  160  10:51  Command Center  
  160  10:54  Command Center  
  160  11:04  Siege Tank  
  162  11:06  Terran Infantry Armor Level 3, Terran Infantry Weapons Level 3, Siege Tank  
  162  11:07  Terran Vehicle Weapons Level 2  
  164  11:15  Ghost  
  164  11:16  Ghost  
  164  11:17  Ghost x2  
  172  11:31  Medivac x2  
  176  11:36  Siege Tank  
  174  11:42  Command Center  
  174  11:47  Command Center  
  174  11:48  Siege Tank  
  177  12:04  Ghost x4  
  177  12:06  Missile Turret  
  177  12:07  Missile Turret  
  185  12:09  Missile Turret  
  185  12:11  Orbital Command  
  185  12:19  Viking x2  
  189  12:33  Siege Tank, Missile Turret  
  192  12:39  Starport  
  192  12:41  Fusion Core  
  192  12:48  Missile Turret  
  192  12:51  Command Center  
  192  12:52  Missile Turret x2, Refinery  
  192  12:53  Missile Turret  
  192  12:54  Sensor Tower  
  192  12:56  Orbital Command  
  189  13:07  Siege Tank  
  189  13:08  Siege Tank  
  189  13:12  Missile Turret  
  195  13:13  Orbital Command, Command Center  
  195  13:16  Planetary Fortress  
  195  13:29  Refinery  
  195  13:31  Ghost x2  
  195  13:32  Sensor Tower  
  195  13:33  Missile Turret  
  199  13:35  Missile Turret, SCV  
  199  13:37  Missile Turret  
  199  13:40  Starport Reactor, Advanced Ballistics  
  200  13:42  Terran Vehicle Weapons Level 3  
  200  13:47  Armory  
  200  13:50  Nuke  
  200  13:51  Factory  
  194  13:59  Factory  
  194  14:18  Missile Turret x2  
  194  14:19  Siege Tank  
  194  14:20  Siege Tank  
  194  14:21  Command Center, Missile Turret  
  197  14:27  Ghost x3  
  197  14:28  Ghost  
  199  14:35  Terran Vehicle And Ship Armor Level 1  
  191  14:52  Planetary Fortress  
  191  14:55  Command Center  
  191  14:56  Ghost x2  
  191  14:58  Missile Turret  
  195  15:00  Missile Turret  
  195  15:01  Factory Tech Lab, Factory Reactor  
  195  15:04  Neosteel Armor  
  195  15:06  Hi-Sec Auto Tracking  
  195  15:08  Refinery  
  195  15:21  Thor  
  200  15:39  Hellion  
  200  15:40  Hellion  
  200  15:49  Command Center  
  200  15:50  Missile Turret  
  200  15:51  Orbital Command  
  200  15:58  Missile Turret  
  192  16:05  Thor  
  192  16:06  Thor  
  192  16:08  Thor  
  192  16:10  Hellion x2  
  185  16:12  Liberator x4  
  185  16:15  Orbital Command  
  193  16:21  Sensor Tower  
  193  16:24  Terran Ship Weapons Level 1  
  193  16:48  Thor  
  196  16:55  Viking x2  
  200  17:09  Missile Turret  
  200  17:11  Missile Turret  
  200  17:12  Missile Turret  
  200  17:13  Terran Vehicle And Ship Armor Level 2  
  200  17:15  Missile Turret  
  200  17:28  Infernal Pre-Igniter  
  200  17:29  Smart Servos  
  200  17:32  Orbital Command  
  197  17:49  Ghost x2  
  197  17:50  Ghost x2  
  180  17:52  Viking x3  
  180  17:56  Thor x2  
  180  17:57  Thor  
  180  17:58  Hellion x2  
  186  18:00  Liberator  
  186  18:05  Planetary Fortress, Refinery  
  189  18:21  Missile Turret  
  189  18:25  Medivac x3  
  189  18:26  Missile Turret  
  195  18:28  Terran Ship Weapons Level 2  
  195  18:40  Sensor Tower  
  195  18:41  Missile Turret  
  181  19:22  Thor  
  181  19:23  Thor x2  
  189  19:27  Orbital Command  
  189  19:46  Hellion x2  
  190  20:00  Liberator x2  
  190  20:02  Missile Turret  
  190  20:05  Liberator  
  196  20:08  Missile Turret  
  196  20:09  Sensor Tower  
  196  20:12  Orbital Command  
  193  20:30  Hellion x2  
  197  20:37  Sensor Tower  
  197  20:49  Sensor Tower  
  197  20:50  Liberator  
  197  20:51  Missile Turret  
  197  20:56  Ghost x2  
  188  21:24  Thor x2  
  199  21:26  Hellion x2  
  192  21:44  Ghost x3  
  192  21:45  Ghost  
  200  21:50  Refinery x2  
  196  22:21  Thor  
  197  22:32  Liberator x2  
  197  22:40  Hellion  
  196  22:57  Liberator  
  196  23:31  Liberator x2  
  199  23:54  Terran Vehicle And Ship Armor Level 3, Terran Ship Weapons Level 3  
  191  24:40  Ghost x4  
  191  24:44  Thor x2  
  199  24:45  Hellion  
  194  24:53  Liberator x2  
  194  24:58  Thor  
  197  25:03  Hellion  
  195  25:08  Ghost x2  
  199  25:21  Command Center  
  192  25:36  Siege Tank, Hellion x2  
  187  26:08  Hellion, Siege Tank x2, Ghost x4  
  187  26:09  Siege Tank, Hellion  
  168  26:19  Medivac x3  
  168  26:20  Medivac  
  168  26:21  Marine x8  
  184  26:30  Hellion  
  186  26:37  Ghost, Marine x3  
  186  26:39  Marine x2  
  193  26:40  Siege Tank x2  
  196  26:49  Siege Tank  
  195  26:55  Orbital Command  
  195  26:59  Hellion x2  
  195  27:19  Siege Tank  
  195  27:20  Hellion  
  195  27:21  Hellion x2, Ghost x2  
  196  27:25  Marine x10  
  196  27:28  Siege Tank  
  165  27:41  Siege Tank  
  165  27:43  Marauder x2, Marine x5  
  174  27:44  Marine  
  174  27:46  Marine x2  
  174  27:50  Marauder x2  
  185  27:51  Hellion x2  
  185  28:00  Marine  
  185  28:01  Marine x4  
  185  28:02  Marine  
  185  28:03  Marine  
  185  28:04  Marine x2  
  185  28:05  Marauder  
  196  28:11  Marine x2  
  196  28:18  Marine  
  195  28:40  Marine x9  
Show
View Real Time Build Order
Export as new Build Order

Scarlett Zerg 

Build Orders: Hatch First 

Get SALT Encoding   

  12  0:00  Drone  
  13  0:12  Overlord  
  13  0:17  Drone  
  14  0:30  Drone x2  
  16  0:47  Hatchery  
  15  0:51  Drone  
  15  0:54  Drone  
  17  0:57  Drone  
  18  1:09  Extractor  
  17  1:13  Spawning Pool  
  17  1:16  Drone  
  17  1:18  Drone  
  18  1:27  Drone  
  19  1:39  Drone  
  20  1:49  Drone  
  21  2:00  Drone x2, Queen x2  
  27  2:10  Overlord  
  27  2:11  Drone  
  28  2:20  Hatchery  
  27  2:25  Overlord  
  27  2:33  Drone  
  28  2:42  Overlord  
  28  2:43  Queen  
  30  2:45  Drone x3  
  30  2:50  Metabolic Boost  
  33  2:52  Drone  
  33  2:56  Drone  
  35  3:05  Drone  
  36  3:07  Queen  
  36  3:08  Overlord  
  36  3:10  Drone  
  36  3:12  Drone  
  40  3:14  Drone  
  40  3:17  Zergling x2  
  42  3:20  Queen  
  44  3:28  Drone  
  45  3:35  Queen  
  45  3:37  Drone x4  
  51  3:43  Drone x3  
  51  3:45  Overlord  
  54  3:49  Queen  
  54  3:53  Zergling x4  
  58  3:57  Overlord  
  58  3:59  Overlord  
  58  4:04  Drone  
  58  4:05  Drone x3  
  58  4:07  Drone  
  62  4:17  Drone x7  
  62  4:21  Spore Crawler  
  62  4:22  Queen  
  70  4:26  Drone  
  70  4:28  Queen  
  73  4:35  Spore Crawler  
  72  4:39  Drone x6, Overlord  
  78  4:47  Lair  
  78  4:51  Evolution Chamber  
  78  4:52  Drone x3, Evolution Chamber  
  79  4:54  Baneling Nest  
  79  4:55  Zergling x4  
  79  4:59  Spore Crawler  
  80  5:05  Zergling x2  
  80  5:06  Zergling x14  
  86  5:09  Queen  
  79  5:15  Queen  
  79  5:19  Zergling x10  
  85  5:24  Zergling x8  
  81  5:36  Zergling x2  
  81  5:37  Zergling x4  
  81  5:39  Baneling x5  
  76  5:45  Zergling x4, Queen  
  78  5:51  Queen, Hatchery  
  79  6:03  Drone x8  
  87  6:04  Queen  
  87  6:07  Evolution Chamber  
  87  6:08  Evolution Chamber  
  87  6:12  Overseer  
  87  6:17  Centrifugal Hooks, Overlord  
  87  6:19  Extractor  
  87  6:20  Extractor x2  
  87  6:25  Drone x6  
  90  6:31  Overlord x6  
  90  6:42  Queen  
  90  6:44  Queen  
  90  6:45  Overlord  
  94  6:47  Overlord x2  
  94  6:51  Zerg Ground Armor Level 1  
  94  6:56  Hatchery  
  94  6:58  Drone x4  
  97  7:01  Zerg Melee Weapons Level 1  
  97  7:03  Extractor  
  96  7:09  Drone x7  
  103  7:17  Drone x6  
  109  7:28  Baneling x6  
  109  7:30  Zergling x16  
  109  7:31  Hydralisk Den  
  114  7:47  Zergling x24  
  114  7:51  Baneling x15  
  122  7:52  Zergling x2  
  122  7:54  Zergling x2  
  124  8:02  Hydralisk, Grooved Spines  
  124  8:03  Hydralisk  
  124  8:05  Zergling x6  
  131  8:14  Hydralisk x3  
  131  8:15  Zergling x22  
  147  8:21  Hydralisk x2  
  147  8:22  Overlord  
  147  8:23  Overlord  
  147  8:25  Hydralisk  
  151  8:31  Zergling x8  
  150  8:41  Hydralisk x4  
  144  8:42  Zergling x8  
  151  8:51  Hydralisk x3  
  151  8:52  Zergling x12  
  142  9:00  Muscular Augments  
  142  9:02  Drone x8  
  150  9:05  Extractor, Queen x2  
  153  9:15  Zerg Ground Armor Level 2  
  153  9:17  Zergling x22  
  164  9:30  Queen  
  166  9:36  Zerg Missile Weapons Level 1  
  164  9:39  Drone x4  
  164  9:41  Drone x8  
  170  9:52  Baneling x10  
  170  10:02  Overlord x2  
  170  10:03  Hydralisk x7  
  170  10:04  Overlord x2  
  170  10:05  Drone x2  
  170  10:07  Zergling x6  
  189  10:09  Spore Crawler  
  189  10:12  Infestation Pit  
  187  10:16  Extractor, Hatchery  
  185  10:26  Hydralisk x5  
  188  10:40  Extractor  
  185  10:46  Overseer  
  185  10:53  Hatchery  
  185  10:54  Infestor x3  
  185  10:55  Unknown  
  189  11:03  Overseer, Infestor  
  191  11:12  Spine Crawler  
  191  11:16  Hive  
  191  11:18  Drone x3  
  193  11:21  Hatchery  
  192  11:34  Zerg Melee Weapons Level 2, Zerg Missile Weapons Level 2  
  191  11:48  Burrow  
  191  12:10  Hatchery  
  190  12:29  Overseer x4  
  184  12:30  Pneumatized Carapace  
  184  12:34  Viper x2  
  184  12:35  Adrenal Glands  
  188  12:38  Spire  
  188  12:40  Drone  
  188  12:41  Drone, Extractor  
  188  12:42  Drone x3  
  190  13:34  Zergling x20, Hatchery  
  191  14:03  Greater Spire  
  191  14:04  Zerg Ground Armor Level 3, Zerg Melee Weapons Level 3  
  191  14:08  Zergling x2, Baneling x7  
  191  14:09  Zergling x16  
  188  14:24  Zergling x32  
  179  14:32  Corruptor x10  
  181  14:54  Overlord x4  
  181  14:55  Overseer x3, Overlord  
  181  15:15  Zerg Flyer Weapons Level 1  
  181  15:16  Brood Lord x9  
  199  15:21  Infestor  
  199  15:23  Baneling x12  
  198  15:42  Brood Lord, Corruptor x3  
  180  16:37  Drone  
  180  16:38  Drone x2  
  183  16:52  Spore Crawler  
  183  16:53  Spore Crawler  
  179  17:02  Corruptor  
  179  17:03  Corruptor x6  
  179  17:06  Extractor  
  179  17:07  Extractor  
  191  17:10  Zerg Flyer Armor Level 1  
  191  17:16  Zerg Missile Weapons Level 3  
  191  17:24  Hatchery  
  191  17:26  Unknown  
  150  18:01  Hydralisk x3  
  150  18:02  Hydralisk x2  
  150  18:03  Zergling x80  
  200  18:23  Baneling  
  200  18:24  Baneling x10  
  200  18:34  Spore Crawler  
  199  18:36  Spore Crawler  
  182  19:03  Zerg Flyer Weapons Level 2  
  180  19:13  Zergling x62  
  179  19:40  Brood Lord x7  
  193  19:59  Spore Crawler x2  
  185  20:15  Hydralisk x3  
  185  20:16  Hydralisk x3  
  193  20:31  Baneling  
  193  20:41  Spore Crawler x2  
  191  20:51  Baneling x14  
  181  21:13  Hatchery  
  159  21:30  Zerg Flyer Weapons Level 3  
  151  21:42  Corruptor x19  
  189  21:51  Overseer x4  
  176  22:42  Drone x3  
  179  22:45  Drone x3  
  179  22:47  Extractor  
  179  22:48  Extractor, Drone x3  
  179  22:50  Drone x3  
  186  23:02  Extractor  
  175  23:28  Corruptor x15  
  175  23:29  Neural Parasite  
  163  23:41  Infestor x3  
  167  24:04  Brood Lord x11  
  167  24:05  Brood Lord x5  
  190  24:17  Corruptor x6  
  112  24:53  Hydralisk x5  
  112  24:54  Zergling x76, Hydralisk x9  
  112  24:58  Baneling  
  128  25:15  Baneling x7  
  128  25:16  Baneling x5  
  128  25:19  Hydralisk x17  
  139  25:37  Baneling x14  
  139  25:38  Hydralisk x5  
  139  25:39  Hydralisk x2  
  139  25:40  Overlord x7  
  147  25:43  Hatchery  
  147  25:47  Zergling x2  
  147  25:48  Zergling x6  
  137  25:55  Hydralisk x3  
  142  25:57  Infestor x2, Overlord x5  
  94  26:12  Hydralisk x12  
  94  26:13  Zergling x12  
  94  26:15  Overseer x5  
  120  26:23  Infestor x2  
  120  26:24  Baneling x8  
  120  26:25  Baneling x2  
  114  26:33  Hydralisk x7  
  114  26:34  Zergling x24  
  133  26:54  Hydralisk  
  133  26:55  Hydralisk x22  
  140  27:22  Hydralisk  
  140  27:23  Zergling x24, Hydralisk x14  
  153  27:33  Hydralisk  
  153  27:34  Hydralisk x10  
  133  27:40  Hydralisk  
  133  27:41  Zergling x8  
  139  27:46  Zergling x6  
  139  27:50  Baneling Nest  
  138  27:51  Zergling x6  
  134  28:04  Zergling x22  
  141  28:08  Zergling x6  
  141  28:12  Drone x2  
  142  28:13  Overlord  
  142  28:14  Overlord x2  
  140  28:20  Overseer  
  140  28:21  Overlord x2  
  132  28:27  Overseer  
  130  28:37  Drone x2  
  130  28:39  Spawning Pool  
  130  28:40  Hydralisk Den  
Tags
 
Add a new tag
Caveats
  • Supply blocks, unpowered buildings, or Contaminate may cause inaccurate times.
  • Supply counts are checked every 10 seconds.